 Dungeon Crawl Stone Soup version 0.20.1-1-g8b1a95d (webtiles) character file.

6048 torrenera the Arsonist (level 10, -6/60 HPs)
             Began as a Deep Elf Fire Elementalist on July 20, 2017.
             Was a Follower of Vehumet.
             Mangled by a two-headed ogre
             ... wielding a +0 giant club
              (24 damage)
             ... on level 8 of the Dungeon.
             The game lasted 00:28:54 (11063 turns).

torrenera the Arsonist (DEFE)                      Turns: 11063, Time: 00:28:56

Health: -6/60      AC:  6    Str:  5    XL:     10   Next: 57%
Magic:  20/24      EV: 12    Int: 24    God:    Vehumet [*.....]
Gold:   717        SH:  0    Dex: 18    Spells: 13/26 levels left

rFire    + . .     SeeInvis .   j - staff of fire
rCold    + . .     Gourm    .   (no shield)
rNeg     . . .     Faith    .   I - +0 leather armour of the Commoners {rElec rC+}
rPois    .         Spirit   .   (no helmet)
rElec    +         Reflect  .   (no cloak)
rCorr    .         Harm     .   R - +2 pair of gloves
MR       +....                  (no boots)
Stlth    +++.......             (no amulet)
Regen    0.2/turn               g - ring of stealth
MPRegen  0.2/turn               y - +3 ring of dexterity

@: no status effects
A: no striking features
a: Renounce Religion


You were on level 8 of the Dungeon.
You worshipped Vehumet.
Vehumet was aware of your devotion.
You were hungry.

You visited 3 branches of the dungeon, and saw 11 of its levels.

You collected 717 gold pieces.

Inventory:

Hand Weapons
 C - a +3 dagger of draining
 H - a +1 mace of protection
 Q - a +1 vampiric dagger
Missiles
 d - 194 stones (quivered)
 N - 14 poisoned needles
Armour
 m - a +0 buckler
 I - the +0 leather armour of the Commoners (worn) {rElec rC+}
   (You found it on level 6 of the Dungeon)

   It protects you from cold.
   It insulates you from electricity.
 R - a +2 pair of gloves (worn)
 Y - a +0 robe of magic resistance
Magical Staves
 j - an uncursed staff of fire (weapon)
Jewellery
 g - a ring of stealth (left hand)
 s - an uncursed ring of see invisible
 y - a +3 ring of dexterity (right hand)
 L - an uncursed ring of positive energy
Wands
 e - a wand of lightning (0/15)
 F - a wand of random effects (24/48)
 J - a wand of digging (16/24)
 M - a wand of flame (24/48)
 U - a wand of polymorph (13/24)
 X - a wand of disintegration (15/24)
Scrolls
 f - 2 scrolls of enchant armour
 h - a scroll of identify
 i - a scroll of random uselessness {unknown}
 p - a scroll of recharging {unknown}
 q - a scroll of teleportation
 r - a scroll of fog {unknown}
 u - a scroll of enchant weapon
 v - 4 scrolls of amnesia
 x - 3 scrolls of remove curse
 B - a scroll of immolation
 P - a scroll of fear {unknown}
 T - a scroll of noise {unknown}
Potions
 k - a potion of might
 l - a potion of experience
 n - 2 potions of magic
 o - a potion of ambrosia
 t - 2 potions of curing
 z - a potion of invisibility {unknown}
 E - 2 potions of brilliance {unknown}
 K - a potion of cancellation {unknown}
 O - a potion of mutation {unknown}
 S - a potion of agility {unknown}
 W - a potion of flight {unknown}
Books
 b - a book of Flames

   Spells                             Type                      Level
   a - Flame Tongue                   Conjuration/Fire             1
   b - Throw Flame                    Conjuration/Fire             2
   c - Conjure Flame                  Conjuration/Fire             3
   d - Inner Flame                    Hexes/Fire                   3
   e - Sticky Flame                   Conjuration/Fire             4
   f - Fireball                       Conjuration/Fire             5
 A - a book of Callings

   Spells                             Type                      Level
   a - Summon Small Mammal            Summoning                    1
   b - Call Imp                       Summoning                    2
   c - Call Canine Familiar           Summoning                    3
   d - Summon Guardian Golem          Hexes/Summoning              3
   e - Summon Lightning Spire         Summoning/Air                4
   f - Summon Ice Beast               Ice/Summoning                4
 V - a book of Maledictions

   Spells                             Type                      Level
   a - Corona                         Hexes                        1
   b - Ensorcelled Hibernation        Hexes/Ice                    2
   c - Confuse                        Hexes                        3
   d - Tukima's Dance                 Hexes                        3
   e - Dazzling Spray                 Conjuration/Hexes            3
Comestibles
 c - 7 bread rations
 w - 6 royal jellies
 G - 4 meat rations


   Skills:
 + Level 6.0 Fighting
 - Level 2.4 Dodging
 - Level 2.4 Stealth
 - Level 8.6 Spellcasting
 - Level 8.2 Conjurations
 - Level 11.7 Fire Magic


You had 13 spell levels left.
You knew the following spells:

 Your Spells              Type           Power        Failure   Level  Hunger
a - Flame Tongue          Conj/Fire      #####        1%          1    None
b - Conjure Flame         Conj/Fire      ######..     1%          3    None
c - Sticky Flame          Conj/Fire      ######..     1%          4    ##.....
d - Fireball              Conj/Fire      ######....   4%          5    ####...


Dungeon Overview and Level Annotations

Branches:
Dungeon (9/15)             Temple (1/1) D:6            Lair (1/6) D:8
    Orc: D:9-12

Altars:
Ashenzari
Cheibriados
Dithmenos
Elyvilon
Gozag
Hepliaklqana
Makhleb
Okawaru
Qazlal
Ru
Trog
Uskayaw
Vehumet
Xom
Zin
The Shining One


Message History

A worker ant comes into view.
The two-headed ogre burns!
The shadow imp shouts!
You hit the worker ant but do no damage.
You burn the worker ant!
The worker ant is lightly wounded.
The two-headed ogre burns! x2; The worker ant closely misses you.
The two-headed ogre misses you.
The two-headed ogre hits you with a giant club!
* * * LOW HITPOINT WARNING * * *
The worker ant bites you.
* * * LOW HITPOINT WARNING * * *
Okay, then.
You feel much better.
The two-headed ogre burns!
The worker ant waves its antennae.
The worker ant closely misses you.
The two-headed ogre hits you with a giant club!
* * * LOW HITPOINT WARNING * * *
The two-headed ogre hits you with a giant club!!
You die...

.. ..
.. .#
.# .#
####.#
#>@O.#
#a####
#.#
#5#
#..
#...
#.###
#..
#..


You could see a two-headed ogre (burning), a worker ant and a shadow imp.

Vanquished Creatures
  The ghost of codl the Chiller, a novice DsIE of Nemelex Xobeh (D:7)
  Pikel (D:9)
  The ghost of Terandir the Thaumaturge, a novice DECj of Okawaru (D:8)
  Psyche (D:9)
  A komodo dragon (Lair:1)
  A human (D:9)
  3 yaks (D:9)
  A hungry ghost (D:8)
  4 hogs (D:9)
  5 water moccasins
  A porcupine (Lair:1)
  An orc warrior (D:6)
  2 sky beasts
  4 phantoms
  A black bear (D:9)
  A slave (D:9)
  2 ice beasts
  2 ogres
  A bullfrog (D:8)
  A big kobold (D:9)
  A wyvern zombie (D:8)
  A water moccasin zombie (D:7)
  A scorpion (D:5)
  2 howler monkeys
  A centaur zombie (D:7)
  A crimson imp (D:7)
  2 jellies
  3 quasits
  4 orc priests
  4 hounds
  Jessica (D:3)
  3 orc wizards
  4 worker ants
  A hound skeleton (D:4)
  A howler monkey zombie (D:7)
  A worker ant zombie (D:6)
  4 adders
  2 shadow imps
  3 adder skeletons
  4 worms
  3 dart slugs
  7 leopard geckos
  11 orcs
  6 bats
  7 giant cockroaches
  6 goblins
  7 hobgoblins
  4 jackals (D:5)
  3 quokkas
  6 frilled lizards
  A jackal skeleton (D:4)
  A jackal zombie (D:5)
  11 kobolds
  2 leopard gecko zombies
  11 rats
165 creatures vanquished.

Vanquished Creatures (others)
  2 bushes (D:7)
2 creatures vanquished.

Grand Total: 167 creatures vanquished

Notes
Turn   | Place    | Note
-------+----------+-------------------------------------------
     0 | D:1      | torrenera the Deep Elf Fire Elementalist began the quest for the Orb.
     0 | D:1      | Reached XP level 1. HP: 10/10 MP: 6/6
   195 | D:1      | Reached XP level 2. HP: 14/15 MP: 4/8
   268 | D:1      | Reached skill level 4 in Fire Magic
   629 | D:1      | Reached XP level 3. HP: 19/19 MP: 10/10
   731 | D:2      | Learned a level 3 spell: Conjure Flame
   844 | D:2      | Found an opulent altar of Gozag.
  1238 | D:2      | Found an iron altar of Okawaru.
  2106 | D:3      | Reached skill level 5 in Fire Magic
  2106 | D:3      | Reached XP level 4. HP: 15/24 MP: 0/12
  2151 | D:3      | Noticed an ice beast
  2256 | D:3      | Killed an ice beast
  2256 | D:3      | Reached skill level 5 in Spellcasting
  2256 | D:3      | Reached XP level 5. HP: 28/28 MP: 3/14
  2363 | D:3      | Reached skill level 6 in Fire Magic
  2395 | D:3      | Noticed Jessica
  2408 | D:3      | Killed Jessica
  2432 | D:3      | Reached XP level 6. HP: 30/32 MP: 8/16
  2716 | D:4      | Learned a level 4 spell: Sticky Flame
  3344 | D:4      | Found a glowing golden altar of the Shining One.
  4112 | D:5      | Entered Level 5 of the Dungeon
  4393 | D:5      | Noticed a sky beast
  4394 | D:5      | You fall through a shaft for 2 floors!
  4614 | D:6      | Found a staircase to the Ecumenical Temple.
  4791 | Temple   | Entered the Ecumenical Temple
  4889 | Temple   | Became a worshipper of Vehumet
  5031 | D:6      | Got a translucent leather armour
  5042 | D:6      | Identified the +0 leather armour of the Commoners {rElec rC+} (You found it on level 6 of the Dungeon)
  5048 | D:6      | Reached XP level 7. HP: 36/36 MP: 16/19
  5987 | D:5      | Reached skill level 5 in Conjurations
  6159 | D:5      | Reached XP level 8. HP: 16/41 MP: 6/22
  6522 | D:5      | Reached * piety under Vehumet
  6522 | D:5      | Offered knowledge of Freeze by Vehumet.
  7505 | D:7      | Found a shattered altar of Ashenzari.
  7547 | D:7      | Reached skill level 7 in Fire Magic
  8167 | D:8      | Found a staircase to the Lair.
  8174 | D:8      | Noticed Terandir's ghost (novice DECj)
  8190 | Lair:1   | Entered Level 1 of the Lair of Beasts
  8191 | Lair:1   | HP: 2/41 [poisoned by Terandir's ghost]
  8538 | Lair:1   | Learned a level 5 spell: Fireball
  8547 | Lair:1   | Reached XP level 9. HP: 45/45 MP: 15/23
  8564 | Lair:1   | Reached skill level 8 in Fire Magic
  8857 | Lair:1   | Noticed a komodo dragon
  8866 | Lair:1   | Killed a komodo dragon
  8866 | Lair:1   | Reached skill level 9 in Fire Magic
  9048 | Lair:1   | Noticed an elephant
  9416 | D:8      | Killed Terandir's ghost
  9416 | D:8      | Reached skill level 10 in Fire Magic
  9870 | D:7      | Noticed codl's ghost (novice DsIE)
  9960 | D:7      | Killed codl's ghost
  9960 | D:7      | Reached skill level 11 in Fire Magic
 10041 | D:7      | Noticed a troll
 10154 | D:7      | Reached skill level 1 in Fighting
 10154 | D:7      | Reached XP level 10. HP: 42/52 MP: 19/24
 10195 | D:7      | Noticed a fire crab
 10379 | D:9      | Found a burning altar of Makhleb.
 10478 | D:9      | Noticed Psyche
 10484 | D:9      | Killed Psyche
 10841 | D:9      | Noticed Pikel
 10863 | D:9      | Killed Pikel
 10863 | D:9      | Reached skill level 5 in Fighting
 11059 | D:8      | Noticed a two-headed ogre
 11063 | D:8      | Mangled by a two-headed ogre

Skill      XL: |  1  2  3  4  5  6  7  8  9 10 |
---------------+-------------------------------+-----
Fire Magic     | 4 5 6 7 11 | 11.7
Spellcasting   | 4 5 6 8 |  8.6
Conjurations   | 3 5 8 |  8.2
Fighting       | 1 6 |  6.0
Dodging        | |  2.4
Stealth        | |  2.4

Action                   |  1- 3 |  4- 6 |  7- 9 | 10-12 || total
-------------------------+-------+-------+-------+-------++-------
Melee: Dagger            |    29 |    44 |    80 |    49 ||   202
       Staff             |       |       |     8 |    12 ||    20
Throw: Stone             |     1 |    12 |    11 |     1 ||    25
 Cast: Flame Tongue      |    94 |    96 |   114 |    22 ||   326
       Conjure Flame     |       |     1 |     4 |     1 ||     6
       Sticky Flame      |       |       |    39 |    16 ||    55
       Fireball          |       |       |     4 |     2 ||     6
Evoke: Wand              |       |       |       |     2 ||     2
  Use: Potion            |       |       |     7 |     1 ||     8
       Scroll            |       |       |    11 |       ||    11
 Stab: Sleeping          |     4 |     3 |     4 |       ||    11
  Eat: Chunk             |     3 |     9 |     9 |     4 ||    25
       Royal jelly       |       |       |     3 |       ||     3
       Fruit             |       |       |     4 |       ||     4
Armor: Robe              |     9 |     8 |       |       ||    17
       Leather armour    |       |       |    50 |    19 ||    69
Dodge: Dodged            |    52 |    61 |   118 |    46 ||   277
